 Dungeon Crawl Stone Soup version 0.29-a0-360-g8ed1089bbe (webtiles) character file.

Game seed: 1517266349403200378

1173 Hubjo the Magician (level 8, -5/43 (53) HPs)
             Began as a Deep Elf Fire Elementalist on Apr 28, 2022.
             Slain by a fire elemental (9 damage)
             ... created by the fiery vengeance of Ignis
             ... on level 5 of the Dungeon.
             The game lasted 00:17:36 (7403 turns).

Hubjo the Magician (Deep Elf Fire Elementalist)     Turns: 7403, Time: 00:17:37

HP:   -5/43 (53)    AC:  3    Str:  5    XL:     8   Next: 18%
MP:   19/19         EV: 13    Int: 21    God:
Gold: 205           SH:  0    Dex: 17    Spells: 14/19 levels left

rFire   . . .      SeeInvis .   d - +2 hand axe "Q" {venom, +Blink rElec Stlth+}
rCold   . . .      Faith    +   p - orb {*Rage}
rNeg    . . .      Spirit   .   a - +0 robe
rPois   .          Reflect  .   (no helmet)
rElec   +          Harm     .   u - scarf {+Inv}
rCorr   .          Rampage  .   e - +0 pair of gloves
Will    .....      Rage     20% (no boots)
Stlth   ++++......              h - amulet of faith
HPRegen 0.14/turn               (no ring)
MPRegen 0.16/turn               (no ring)

@: mighty, heavily drained, fire susceptible
A: robust 1, sturdy frame 1
a: Evoke Blink, Evoke Invisibility


You were on level 5 of the Dungeon.
You visited 1 branch of the dungeon, and saw 6 of its levels.

You collected 205 gold pieces.

Inventory:

Hand Weapons
 d - the +2 hand axe "Q" (weapon) {venom, +Blink rElec Stlth+}
   (You took it off an orc on level 3 of the Dungeon)

   It poisons the flesh of those it strikes.
   rElec:     It insulates you from electricity.
   +Blink:    It lets you blink.
   Stlth:     It makes you more stealthy.
 i - a +0 dagger of speed
 n - a +2 whip of venom
 o - a +1 short sword of draining
Missiles
 y - 5 curare-tipped darts
 A - 2 throwing nets
Armour
 a - a +0 robe (worn)
 e - a +0 pair of gloves (worn)
 p - an orb of wrath (worn)
 u - a scarf of invisibility (worn)
Jewellery
 h - an amulet of faith (around neck)
Scrolls
 c - a scroll of amnesia
 f - 2 scrolls of enchant armour
 l - a scroll of vulnerability
 m - a scroll of magic mapping
Potions
 b - a potion of magic
 k - a potion of cancellation
 w - a potion of lignification
 x - a potion of attraction {unknown}


   Skills:
 * Level 5.0 Fighting
 - Level 2.4 Dodging
 + Level 6.1 Stealth
 + Level 6.4 Spellcasting
 - Level 1.1 Conjurations
 + Level 5.7 Fire Magic


You had 14 spell levels left.
You knew the following spells:

 Your Spells              Type           Power      Damage    Failure   Level
a - Foxfire               Conj/Fire      84%        2x1d8     2%          1
b - Flame Wave            Conj/Fire      21%        2d7       22%         4

Your spell library contained the following spells:

 Spells                   Type           Power      Damage    Failure   Level
 Scorch                   Fire           60%        2d8       1%          2
 Conjure Flame            Conj/Fire      21%        6-21      7%          3
 Inner Flame              Hex/Fire       18%        N/A       9%          3
 Gell's Gravitas          Tloc           6%         N/A       28%         3
 Teleport Other           Tloc           6%         N/A       28%         3
 Animate Dead             Necr           3%         N/A       67%         4
 Dispersal                Tloc           3%         N/A       100%        6
 Haunt                    Necr/Summ      3%         N/A       100%        7
 Infestation              Necr           3%         N/A       100%        8


Dungeon Overview and Level Annotations

Branches:
Dungeon (6/15)
 Temple: D:4-7

Altars:
Ru
Beogh
Ignis


Innate Abilities, Weirdness & Mutations

You are robust. (+10% HP)
Your movements are slightly less encumbered by armour. (ER -2)


Message History

You reach down and open the door.
Found a ring mail.
Found a stone staircase leading down.
Found a metallic pink potion.
Found a morningstar, a book of the Hunter, 17 stones and a spear.
Found an escape hatch in the ceiling.
A necrophage comes into view.
Your magical contamination has completely faded away.
There is a stone staircase leading down here.
There is an escape hatch in the ceiling here.
A mysterious force pulls you upwards. The hatch slams shut behind you.
Found a quarterstaff.
You start resting.
You are starting to lose your buoyancy.
You start resting.
You float gracefully downwards.
You start resting.
You feel a little less clever now.
You start resting.
Magic restored.
You start resting. "My hands, my teeth, my burning tears: these will never betray me!" 3 fire elementals come into view.
There are monsters nearby!
You can't go down here!
It was a potion of might.
You feel very mighty all of a sudden.
You slash the fire elemental!
The fire elemental is moderately damaged.
The fire elemental closely misses you.
You slash the fire elemental!
The fire elemental is heavily damaged.
You hit the fire elemental. You closely miss the fire elemental.
The fire elemental completely misses you.
The fire elemental closely misses you. The fire elemental hits you.
The fire elemental burns you! The fire elemental hits you.
The fire elemental burns you!
* * * LOW HITPOINT WARNING * * *
The fire elemental hits you. The fire elemental burns you!
You die...

.. ...# ... #..##
.... #...##
...##....# #....)..##
#..○..○.## #.EEE...##
#..@.....#
##..........## #..
##..........##..
##.........#..#
##.............#
##..............#
##...............##
#.................#
##.................##


You could see 3 fire elementals.

Vanquished Creatures
  The ghost of DocClef the Covert, an amateur GnDe (D:3)
  Prince Ribbit (D:5)
  An ogre (D:5)
  A phantom (D:5)
  A necrophage (D:4)
  2 scorpions
  2 hounds (D:4)
  An orc priest (D:3)
  A jelly (D:4)
  Jessica (D:3)
  2 iguanas (D:6)
  Robin (D:2)
  7 adders
  4 gnolls (D:3)
  A white imp (D:5)
  2 dart slugs (D:1)
  15 orcs
  3 ball pythons
  4 bats
  8 endoplasms
  2 giant cockroaches
  16 goblins
  8 hobgoblins
  4 jackals
  3 quokkas
  4 frilled lizards
  10 kobolds
  7 rats
113 creatures vanquished.

Vanquished Creatures (collateral kills)
  2 orcs (D:3)
  A foxfire (D:1)
3 creatures vanquished.

Vanquished Creatures (others)
  641 foxfires
  3 plants (D:3)
  A withered plant (D:1)
645 creatures vanquished.

Grand Total: 761 creatures vanquished

Notes
Turn   | Place    | Note
-------+----------+-------------------------------------------
     0 | D:1      | Hubjo the Deep Elf Fire Elementalist began the quest for
                  | the Orb.
     0 | D:1      | Reached XP level 1. HP: 10/10 MP: 6/6
    22 | D:1      | Found a faded altar of an unknown god.
   119 | D:1      | Prayed at the altar of an unknown god.
   119 | D:1      | Became a worshipper of Ignis, the Dying Flame
   174 | D:1      | Reached XP level 2. HP: 16/16 MP: 4/8
   349 | D:1      | Reached skill level 1 in Fighting
   812 | D:1      | Reached XP level 3. HP: 20/20 MP: 0/9
  1141 | D:2      | Noticed Robin
  1201 | D:2      | Killed Robin
  1202 | D:2      | Reached XP level 4. HP: 20/26 MP: 7/11
  2449 | D:3      | Reached XP level 5. HP: 31/31 MP: 5/13
  2931 | D:3      | Noticed Jessica
  2935 | D:3      | Killed Jessica
  2986 | D:3      | Found a runed translucent gate.
  3040 | D:3      | Found a runed translucent gate.
  3040 | D:3      | Identified the +2 hand axe "Q" {venom, +Blink rElec Stlth+}
  3040 | D:3      | Noticed DocClef's ghost (amateur GnDe)
  3041 | D:3      | Found a runed translucent gate.
  3352 | D:3      | Killed DocClef's ghost
  3353 | D:3      | Reached skill level 5 in Spellcasting
  3353 | D:3      | Reached XP level 6. HP: 15/37 MP: 10/15
  3995 | D:4      | Reached XP level 7. HP: 40/42 MP: 6/16
  4159 | D:4      | Reached skill level 5 in Stealth
  4296 | D:4      | Reached skill level 5 in Fire Magic
  5103 | D:4      | Learned a level 4 spell: Flame Wave
  5106 | D:5      | Entered Level 5 of the Dungeon
  5196 | D:5      | Noticed Prince Ribbit
  5215 | D:5      | Killed Prince Ribbit
  5216 | D:5      | Reached XP level 8. HP: 48/48 MP: 0/19
  5493 | D:5      | Found a sacrificial altar of Ru.
  5528 | D:4      | Fell from the grace of Ignis
  7237 | D:4      | You fall into a shaft and drop 2 floors!
  7237 | D:6      | Noticed a gargoyle
  7275 | D:6      | Reached skill level 5 in Fighting
  7288 | D:6      | Gained mutation: You are robust. (+10% HP) [potion of
                  | mutation]
  7288 | D:6      | Gained mutation: Your movements are slightly less
                  | encumbered by armour. (ER -2) [potion of mutation]
  7290 | D:6      | HP: 1/43 [gargoyle/+0 dire flail (11)]
  7403 | D:5      | Slain by a fire elemental

Illustrated notes

Levels and vault maps discovered:
D:1:      wander_arrival_peaceful_grave, layout_rooms,
          ebering_ecumenical_altar_petrified, kennysheep_another_room,
          dk_noncrumbling_3
D:2:      layout_rooms, dk_vineyard_1, hex_large, uniq_robin
D:3:      layout_basic, biasface_ghost_orc_armoury, serial_bayou_lagoon_a,
          uniq_jessica
D:4:      layout_rooms, amcnicky_mini_corridor_feature
D:5:      layout_cave_pods, lemuel_round_altar, uniq_prince_ribbit1
D:6:      layout_basic, portal_sewer_entry_f

Skill      XL: |  1  2  3  4  5  6  7  8 |
---------------+-------------------------+-----
Fighting       | 1 2 3 4 5 |  5.0
Stealth        | 3 4 5 6 |  6.1
Spellcasting   | 4 5 6 |  6.4
Fire Magic     | 4 5 |  5.7
Dodging        | |  2.4
Conjurations   | |  1.1

Action                   |  1- 3 |  4- 6 |  7- 9 || total
-------------------------+-------+-------+-------++-------
Melee: Unarmed           |     8 |       |       ||     8
       Dagger            |    15 |     5 |       ||    20
       Whip              |       |    38 |       ||    38
       Hand axe          |       |       |    11 ||    11
 Cast: Foxfire           |    64 |   118 |   150 ||   332
       Flame Wave        |       |       |     1 ||     1
Invok: Foxfire Swarm     |     1 |     7 |       ||     8
       Fiery Armour      |     1 |       |       ||     1
       Rising Flame      |       |       |     1 ||     1
       Renounce Religion |       |       |     1 ||     1
 Abil: Evoke Blink       |       |       |     1 ||     1
       Evoke Invisibilit |       |       |     1 ||     1
  Use: Scroll            |       |     8 |     6 ||    14
       Potion            |       |       |     9 ||     9
 Stab: Sleeping          |       |       |     1 ||     1
Armor: Robe              |    16 |    10 |     4 ||    30
       Skin              |       |       |     6 ||     6
Dodge: Dodged            |    52 |    42 |    24 ||   118

Table legend: (Time is in decaauts)
 A = Elapsed time spent in this place.
 B = Non-inter-level travel time spent in this place.
 C = Inter-level travel time spent in this place.
 D = Time resting spent in this place.
 E = Time spent auto-exploring this place.
 F = Levels seen in this place.
 G = Mean time per level.
                   A        B        C        D        E       F      G
               +--------+--------+--------+--------+--------+-----+--------+
         Total |   7449 |   7349 |    100 |   2279 |   3796 |   6 | 1241.5 |
       Dungeon |   7449 |   7349 |    100 |   2279 |   3796 |   6 | 1241.5 |
               +--------+--------+--------+--------+--------+-----+--------+

Top non-repeatable levels by time:
     D:4: 2875 daAuts
     D:3: 1557 daAuts
     D:2: 1247 daAuts
     D:1: 1183 daAuts
     D:5: 506 daAuts
     D:6: 80 daAuts
